 Dungeon Crawl Stone Soup version 0.30-a0-553-g7fabdf1491 (webtiles) character file.

Game seed: 3670536277843349410

2388 Zonian the Slicer (level 9, -2/45 HPs)
             Began as a Vine Stalker Fighter on Dec 26, 2022.
             Was a Believer of Uskayaw.
             Slain by a two-headed ogre
             ... wielding a +0 giant club
              (21 damage)
             ... on level 6 of the Dungeon.
             The game lasted 00:11:51 (5942 turns).

Zonian the Slicer (Vine Stalker Fighter)            Turns: 5942, Time: 00:11:51

Health: -2/45      AC: 12    Str: 25    XL:     9   Next: 46%
Magic:  0/10       EV:  9    Int:  8    God:    Uskayaw [**....]
Gold:   243        SH:  9    Dex: 22    Spells: 8/8 levels left

rFire   . . .      SeeInvis .    a - +1 rapier (spect)
rCold   . . .      Faith    .    s - +3 buckler of Bin Wekk {Will+ Str+6 Dex+4}
rNeg    . . .      Spirit   +    b - +0 scale mail
rPois   +          Reflect  .    v - +2 hat
rElec   .          Harm     .    q - scarf {repulsion}
rCorr   .          Rampage  .    k - +0 pair of gloves
Will    ++...                    i - +1 pair of boots Stlth
                                 (no amulet)
HPRegen 1.07/turn                u - ring of poison resistance
MPRegen 0.12/turn                (no ring)

@: repel missiles
A: fangs 3, regeneration 1, magic shield, antimagic bite, no potion heal 2
a: Renounce Religion, Stomp, Line Pass


You were on level 6 of the Dungeon.
You worshipped Uskayaw.
Uskayaw was noncommittal.
You visited 2 branches of the dungeon, and saw 7 of its levels.

You collected 463 gold pieces.
You spent 220 gold pieces at shops.

Inventory:

Hand Weapons
 a - a +1 spectral rapier (weapon)
 n - a +3 falchion of electrocution
Missiles
 d - 3 throwing nets
 t - 10 poisoned darts (quivered)
Armour
 b - a +0 scale mail (worn)
 c - a +0 buckler
 g - a scarf of invisibility
 i - a +1 pair of boots (worn)
 k - a +0 pair of gloves (worn)
 l - a +0 helmet
 q - a scarf of repulsion (worn)
 s - the +3 buckler of Bin Wekk (worn) {Will+ Str+6 Dex+4}
   (You acquired it on level 4 of the Dungeon)

   Str:       It affects your strength (+6).
   Dex:       It affects your dexterity (+4).
   Will:      It increases your willpower.
 v - a +2 hat (worn)
Jewellery
 u - a ring of poison resistance (left hand)
Wands
 h - a wand of polymorph (3)
Scrolls
 j - a scroll of teleportation
 p - a scroll of amnesia {unknown}
 w - 3 scrolls of brand weapon
 y - a scroll of fear {unknown}
 z - 3 scrolls of silence
 A - a scroll of immolation {unknown}
 B - a scroll of enchant armour {unknown}
 C - a scroll of identify
 D - a scroll of magic mapping {unknown}
Potions
 e - a potion of flight
 f - 4 potions of curing
 m - a potion of haste
 o - a potion of resistance
 r - 3 potions of mutation
 x - a potion of attraction
 E - a potion of cancellation {unknown}


   Skills:
 - Level 4.0 Fighting
 + Level 10.3 Short Blades
 - Level 3.6 Armour
 - Level 4.0 Shields


You had 8 spell levels left.
You didn't know any spells.
Your spell library contained the following spells:

 Spells                   Type           Power      Damage    Failure   Level
 Sandblast                Erth           0%         2d4       78%         1
 Passwall                 Tmut/Erth      0%         N/A       89%         2
 Stone Arrow              Conj/Erth      0%         3d7       98%         3
 Swiftness                Air            0%         N/A       98%         3
 Disjunction              Tloc           0%         N/A       100%        8
 Maxwell's Capacitive Co  Air            0%         ∞         100%        8


Dungeon Overview and Level Annotations

Branches:
Dungeon (6/15)             Temple (1/1) D:6

Altars:
Ashenzari
Cheibriados
Dithmenos
Elyvilon
Fedhas
Gozag
Kikubaaqudgha
Makhleb
Nemelex Xobeh
Okawaru
Qazlal
Ru
Sif Muna
Trog
Uskayaw
Vehumet
Wu Jian
Xom
Yredelemnul
Zin

Shops:
D:2 =[=   D:3 [


Innate Abilities, Weirdness & Mutations

You have razor-sharp teeth.
Your natural rate of healing is unusually fast.
When hurt, damage is shared between your health and your magic reserves.
Your bite disrupts and absorbs the magic of your enemies.
Potions cannot restore your health.


Message History

The wyvern is lightly wounded.
Your +1 spectral rapier hits the wyvern!
The wyvern misses your +1 spectral rapier.
You hit the wyvern but do no damage. You bite the wyvern, but do no damage.
The wyvern is heavily wounded.
Your +1 spectral rapier hits the wyvern but does no damage.
You block the wyvern's attack.
You barely miss the wyvern. You bite the wyvern, but do no damage.
The wyvern is heavily wounded.
Your +1 spectral rapier hits the wyvern.
The wyvern bites you.
You puncture the wyvern!
You kill the wyvern!
You hit the two-headed ogre but do no damage.
Your bite misses the two-headed ogre.
Your +1 spectral rapier hits the two-headed ogre!
You hit the two-headed ogre. You bite the two-headed ogre. You drain its power.
You feel invigorated.
The two-headed ogre is moderately wounded.
Your +1 spectral rapier hits the two-headed ogre.
You block the two-headed ogre's attack. The two-headed ogre barely misses you.
You can now pass through a line of other dancers.
You closely miss the two-headed ogre.
You bite the two-headed ogre, but do no damage.
The two-headed ogre is moderately wounded.
Your +1 spectral rapier hits the two-headed ogre.
You puncture the two-headed ogre!
The two-headed ogre is severely wounded.
Your +1 spectral rapier hits the two-headed ogre.
The two-headed ogre hits you with a +0 giant club!!
The two-headed ogre hits you with a +0 giant club!
Unknown command.
You hit the two-headed ogre. Your bite misses the two-headed ogre.
The two-headed ogre is almost dead.
Your +1 spectral rapier barely misses the two-headed ogre.
You hit the two-headed ogre but do no damage.
The two-headed ogre is almost dead.
Your +1 spectral rapier hits the two-headed ogre.
The two-headed ogre hits you with a +0 giant club!!
You die...

#.#......#..#......#
#.#..†...#..#......#
#.#..#####..#####..#
#.#......#..#......#
#.#......#..#......#
##.#####..#..#..#####
##..#.).#..#..#..# .=#
.#.##.8.#..#..#.(#)=)#
.>.##..))†.#..#.@O(.}#
##..########..########
###...........# #
############# # # # #


You could see a two-headed ogre and a friendly +1 spectral rapier (summoned).

Vanquished Creatures
  A wyvern (D:6)
  An orc warrior (D:6)
  2 ice beasts
  A sky beast (D:5)
  4 ogres
  3 black bears
  A phantom (D:5)
  A kobold brigand (D:6)
  5 scorpions
  A necrophage (D:6)
  A howler monkey (D:6)
  4 hounds
  2 gnoll boudas
  A jelly (D:2)
  6 iguanas
  2 orc wizards
  Robin (D:3)
  16 gnolls
  5 adders
  A shadow imp (D:6)
  An ufetubus (D:5)
  A worm (D:2)
  3 dart slugs
  8 orcs
  8 ball pythons
  7 endoplasms
  2 giant cockroaches
  9 goblins
  11 hobgoblins
  8 kobolds
  A quokka (D:5)
  4 bats
  2 frilled lizards (D:1)
124 creatures vanquished.

Notes
Turn   | Place    | Note
-------+----------+-------------------------------------------
     0 | D:1      | Zonian the Vine Stalker Fighter began the quest for the
                  | Orb.
     0 | D:1      | Reached XP level 1. HP: 11/11 MP: 2/2
   143 | D:1      | Reached XP level 2. HP: 16/16 MP: 3/3
   165 | D:1      | Reached skill level 2 in Short Blades
   788 | D:2      | Reached XP level 3. HP: 20/20 MP: 2/4
   811 | D:2      | Found Ruyc's Antique Armour Emporium.
   851 | D:2      | You fall into a shaft and drop 2 floors!
  1032 | D:3      | Found Ikkid's Antique Armour Emporium.
  1036 | D:3      | Gained mutation: Your natural rate of healing is unusually
                  | fast. [Vine Stalker growth]
  1036 | D:3      | Reached XP level 4. HP: 21/24 MP: 5/5
  1226 | D:3      | Found a faded altar of an unknown god.
  1518 | D:2      | Found Dacog's Jewellery Shoppe.
  1716 | D:2      | Found Feitet's Jewellery Emporium.
  1738 | D:2      | Bought a ring of poison resistance for 220 gold pieces
  2080 | D:2      | Reached XP level 5. HP: 28/28 MP: 6/6
  2633 | D:3      | Noticed Robin
  2640 | D:3      | Killed Robin
  2776 | D:3      | Got the Compendium of Displaced Clouds
  2919 | D:4      | Noticed an ogre
  2924 | D:4      | Killed an ogre
  2925 | D:4      | Reached skill level 3 in Short Blades
  2925 | D:4      | Reached XP level 6. HP: 33/33 MP: 5/7
  3333 | D:4      | Identified a scroll of acquirement
  3334 | D:4      | Acquired the +3 buckler of Bin Wekk {Will+ Str+6 Dex+4}
  3524 | D:4      | Noticed Sigmund
  3556 | D:4      | Sigmund changed into Sigmund the hound
  3556 | D:4      | Noticed Sigmund
  3558 | D:4      | Killed Sigmund the hound
  3717 | D:5      | Entered Level 5 of the Dungeon
  3747 | D:5      | Noticed an ice beast
  3753 | D:5      | Killed an ice beast
  3754 | D:5      | Reached skill level 4 in Short Blades
  3754 | D:5      | Reached XP level 7. HP: 37/37 MP: 8/8
  3979 | D:5      | Reached skill level 5 in Short Blades
  4292 | D:5      | Reached skill level 6 in Short Blades
  4292 | D:5      | Gained mutation: You have razor-sharp teeth. [Vine Stalker
                  | growth]
  4292 | D:5      | Reached XP level 8. HP: 42/42 MP: 9/9
  4601 | D:5      | Reached skill level 7 in Short Blades
  5008 | D:6      | Found a glowing silver altar of Zin.
  5017 | D:6      | Found a staircase to the Ecumenical Temple.
  5044 | Temple   | Entered the Ecumenical Temple
  5229 | Temple   | Became a worshipper of Uskayaw the Reveller
  5270 | D:6      | Reached * piety under Uskayaw
  5359 | D:6      | Reached ** piety under Uskayaw
  5537 | D:6      | Found a burning altar of Makhleb.
  5537 | D:6      | Found a shimmering blue altar of Sif Muna.
  5537 | D:6      | Found a sparkling altar of Nemelex Xobeh.
  5537 | D:6      | Found a broken altar of Ashenzari.
  5546 | D:6      | Found a basalt altar of Yredelemnul.
  5626 | D:6      | Reached skill level 8 in Short Blades
  5630 | D:6      | Reached *** piety under Uskayaw
  5841 | D:6      | Reached skill level 9 in Short Blades
  5841 | D:6      | Reached XP level 9. HP: 45/45 MP: 10/10
  5850 | D:6      | Reached **** piety under Uskayaw
  5912 | D:6      | Reached skill level 10 in Short Blades
  5932 | D:6      | Noticed a two-headed ogre
  5942 | D:6      | Slain by a two-headed ogre

Illustrated notes

Levels and vault maps discovered:
D:1:      wander_arrival_desolate, layout_basic, kennysheep_small_spiral
D:2:      layout_basic, serial_shops, shop_fountains, shop_coins, shop
D:3:      layout_basic, serial_shops, shop,
          shapermc_ecumenical_altar_totnotflames, uniq_robin
D:4:      layout_basic, nicolae_elevator_lobby_plus, uniq_sigmund
D:5:      layout_layer_cave, skrybe_limestone_x
D:6:      kennysheep_windowed_halls, layout_basic, lemuel_crystal_altar,
          mainiacjoe_overflow_small_starburst, grunt_temple_overflow_open
Temple:   dpeg_chambers_temple

Skill      XL: |  1  2  3  4  5  6  7  8  9 |
---------------+----------------------------+-----
Short Blades   | 2 3 4 6 9 10 | 10.3
Shields        | 3 4 |  4.0
Fighting       | 3 4 |  4.0
Armour         | 3 |  3.6

Action                   |  1- 3 |  4- 6 |  7- 9 || total
-------------------------+-------+-------+-------++-------
Melee: Rapier            |    62 |    86 |   135 ||   283
       Bite              |    20 |    17 |    46 ||    83
       Falchion          |    12 |       |       ||    12
Evoke: Wand              |       |     1 |       ||     1
  Use: Scroll            |     5 |    10 |       ||    15
       Potion            |       |     2 |       ||     2
 Stab: Distracted        |       |     1 |     3 ||     4
       Paralysed         |       |       |     3 ||     3
Armor: Scale mail        |    30 |    40 |    35 ||   105
Dodge: Dodged            |    28 |    30 |    40 ||    98
Block: Buckler           |    16 |    23 |    44 ||    83

Table legend: (Time is in decaauts)
 A = Elapsed time spent in this place.
 B = Non-inter-level travel time spent in this place.
 C = Inter-level travel time spent in this place.
 D = Time resting spent in this place.
 E = Time spent auto-exploring this place.
 F = Levels seen in this place.
 G = Mean time per level.
                   A        B        C        D        E       F      G
               +--------+--------+--------+--------+--------+-----+--------+
         Total |   5949 |   5721 |    228 |    376 |   4196 |   7 |  849.9 |
       Dungeon |   5736 |   5535 |    201 |    376 |   4027 |   6 |  956.0 |
        Temple |    212 |    185 |     27 |      0 |    169 |   1 |  212.0 |
               +--------+--------+--------+--------+--------+-----+--------+

Top non-repeatable levels by time:
     D:5: 1288 daAuts
     D:2: 1050 daAuts
     D:4: 1013 daAuts
     D:3: 914 daAuts
     D:1: 762 daAuts
     D:6: 707 daAuts
  Temple: 212 daAuts
